 Dungeon Crawl Stone Soup version 0.32-a0-868-g153ae1a8d6 (webtiles) character file.

Game seed: 1205196975841019973

2060 epen the Slasher (level 9, 0/111 HPs)
             Began as a Gnoll Chaos Knight on Mar 28, 2024.
             Was a Plaything of Xom.
             Killed by Olgreb's Toxic Radiance
             ... invoked by Nilihum's ghost
              (2 damage)
             ... on level 7 of the Dungeon.
             The game lasted 00:12:21 (7425 turns).

epen the Slasher (Gnoll Chaos Knight)               Turns: 7425, Time: 00:12:22

Health: 0/111      AC:  9    Str: 20    XL:     9   Next: 25%
Magic:  15/15      EV: 13    Int: 11    God:    Xom [*.....]
Gold:   446        SH:  0    Dex: 16    Spells: 16/16 levels left

rFire   + + .        o - +3 quarterstaff (chaos)
rCold   + + .        (shield currently unavailable)
rNeg    . . .        b - +2 leather armour
rPois   +            e - +0 helmet
rElec   +            p - +0 cloak
rCorr   +            m - +0 pair of gloves
SInv    .            (no boots)
Will    .....        (no amulet) Stlth
                     j - +6 ring of strength
HPRegen 0.38/turn    i - ring of protection from fire
MPRegen 0.14/turn

%: random rage (3%)
@: berserking, lethally poisoned (0 -> -11), resistant, very quick
A: fangs 1, strong nose, distributed training, talons 1, thin skeletal structure
1, berserk 1, cold resistance 1, mutation resistance 1, subdued magic 1
a: Renounce Religion


You were on level 7 of the Dungeon.
You worshipped Xom.
You were a special plaything of Xom.
You visited 1 branch of the dungeon, and saw 7 of its levels.

You collected 446 gold pieces.

Inventory:

Hand Weapons
 a - a +1 falchion of flaming
 o - a +3 quarterstaff of chaos (weapon)
Armour
 b - a +2 leather armour (worn)
 e - a +0 helmet (worn)
 l - a scarf of invisibility
 m - a +0 pair of gloves (worn)
 p - a +0 cloak (worn)
Jewellery
 i - a ring of protection from fire (right hand)
 j - a +6 ring of strength (left hand)
 n - a ring of wizardry
 q - a ring of fire
Wands
 k - a wand of charming (5)
 r - a wand of digging (6)
Scrolls
 c - a scroll of butterflies
 f - 4 scrolls of blinking
 h - 2 scrolls of immolation
 s - a scroll of fear
 t - a scroll of enchant weapon
 u - 2 scrolls of vulnerability
 v - a scroll of poison
 x - a scroll of revelation
 y - a scroll of teleportation
Potions
 g - 2 potions of brilliance


   Skills:
 + Level 7.9 Fighting
 + Level 4.2 Short Blades
 + Level 7.9 Long Blades
 + Level 4.2 Axes
 + Level 4.2 Maces & Flails
 + Level 4.2 Polearms
 + Level 4.2 Staves
 + Level 4.2 Ranged Weapons
 + Level 4.2 Throwing
 + Level 6.3 Armour
 + Level 5.0 Dodging
 + Level 4.2 Stealth
 + Level 4.2 Shields
 + Level 4.2 Unarmed Combat
 + Level 4.2 Spellcasting
 + Level 3.4 Conjurations
 + Level 3.4 Hexes
 + Level 3.4 Summonings
 + Level 3.4 Necromancy
 + Level 3.4 Translocations
 + Level 3.4 Fire Magic
 + Level 3.4 Ice Magic
 + Level 3.4 Air Magic
 + Level 3.4 Earth Magic
 + Level 3.4 Alchemy
 + Level 4.6 Invocations
 + Level 4.2 Evocations
 + Level 3.8 Shapeshifting


You had 16 spell levels left.
You didn't know any spells.
Your spell library contained the following spells:

 Spells                   Type           Power      Damage    Failure   Level
 Blink                    Tloc           14%        N/A       8%          2
 Lesser Beckoning         Tloc           14%        N/A       8%          2
 Momentum Strike          Conj/Tloc      14%        3d8       8%          2
 Dazzling Flash           Conj/Hex       14%        N/A       16%         3
 Mephitic Cloud           Conj/Alch/Air  7%         N/A       16%         3
 Teleport Other           Tloc           7%         N/A       16%         3
 Animate Dead             Necr           7%         N/A       50%         4
 Maxwell's Portable Pile  Tloc           7%         2d(6-12)  50%         4
 Curse of Agony           Necr           7%         N/A       85%         5
 Silence                  Hex/Air        3%         N/A       85%         5
 Haunt                    Necr/Summ      3%         N/A       100%        7
 Infestation              Necr           3%         N/A       100%        8


Dungeon Overview and Level Annotations

Branches:
Dungeon (7/15)             Temple (0/1) D:4

Altars:
Elyvilon
Makhleb
Nemelex Xobeh
Qazlal
Wu Jian
Xom
Yredelemnul
Beogh

Annotations:
D:7 Jeremiah; Nilihum's ghost, novice DEAl


Innate Abilities, Weirdness & Mutations

You have very sharp teeth.
Your uncanny sense of smell can sniff out nearby items.
Your experience applies equally to all skills.
You have sharp toenails.
You have a somewhat thin skeletal structure. (Dex +2, Stealth+)
You sometimes lose your temper in combat.
Your flesh is cold resistant. (rC+)
You are somewhat resistant to further mutation.
Your spells are a little easier to cast, but a little less powerful.


Message History

The orc hits you but does no damage.
You thump Nilihum's ghost! You freeze Nilihum's ghost.
You claw Nilihum's ghost, but do no damage.
Your bite misses Nilihum's ghost.
Nilihum's ghost is moderately damaged.
You feel very sick.
* * * LOW HITPOINT WARNING * * *
You are more poisoned.
Nilihum's ghost casts a spell.
Nilihum's ghost blinks!
The orc closely misses you.
You feel protected.
* * * LOW HITPOINT WARNING * * *
You feel very sick.
You are lethally poisoned!
The orc closely misses you. The orc hits you with a +0 hand axe.
* * * LOW HITPOINT WARNING * * *
A red film seems to cover your vision as you go berserk!
You feel yourself moving faster!
You feel mighty!
You feel very sick.
* * * LOW HITPOINT WARNING * * *
You are lethally poisoned!
The orc hits you but does no damage. The orc misses you.
You barely miss the orc. You bite the orc.
You kill the orc!
* * * LOW HITPOINT WARNING * * *
You feel very sick.
The orc hits you from afar with a +0 trident.
* * * LOW HITPOINT WARNING * * *
* * * LOW HITPOINT WARNING * * *
You feel sick.
You are more poisoned.
Nilihum's ghost hits you.
* * * LOW HITPOINT WARNING * * *
Items here: )))) [ ††.
You miss Nilihum's ghost.
Nilihum's ghost is moderately damaged.
* * * LOW HITPOINT WARNING * * *
You feel sick.
You die...
Xom titters!

##...#####.#W#......#.#.........#
.....# #.o.o.#................#
.....# #.....#...#......>.....#
.....# #.....###.#.............
.....# #.....#...#....)))......
....#### #...o##.#........)......
.[.....###.......#.#........#...#
...###.#....####oWo#.........#.#.
...###.#.....# #@###......#...#..
....##.#.....###.# ####....#..#..
....##.#.......#.# #.#...###..
.##....#....##.#.# #..#..#..#.
.#######....##...# #...###...#
.#..........####.# #.)#...#...
.#......##### #.# #.#..)..#..
.#......# #.# #........##
##......# #.# ##.#.....#..


You could see an orc priest, Nilihum's ghost (fast, toxic aura, slow) and an
orc.

Vanquished Creatures
  Joseph (D:7)
  An unseen horror (D:7)
  A sky beast (D:6)
  A crocodile (D:6)
  A tengu (D:7)
  An ogre (D:6)
  A phantom (D:5)
  3 bullfrogs
  A vampire bat (D:7)
  A jelly (D:5)
  5 hounds
  2 bombardier beetles
  2 orc priests
  Crazy Yiuf (D:4)
  A gnoll bouda (D:5)
  5 iguanas
  A sleepcap (D:6)
  2 orc wizards (D:4)
  8 gnolls
  8 adders
  3 shadow imps
  5 ufetubi
  3 dart slugs
  2 ribbon worms
  19 orcs
  4 endoplasms
  3 giant cockroaches
  13 goblins
  9 hobgoblins
  3 jackals (D:2)
  7 quokkas
  3 ball pythons
  12 bats
  2 frilled lizards
  10 kobolds
  3 rats
148 creatures vanquished.

Vanquished Creatures (others)
  A sleepcap (D:6)
  An orc wizard (D:6)
  2 orcs (D:6)
  A rat zombie (D:3)
5 creatures vanquished.

Grand Total: 153 creatures vanquished

Notes
Turn   | Place    | Note
-------+----------+-------------------------------------------
     0 | D:1      | epen the Gnoll Chaos Knight began the quest for the Orb.
     0 | D:1      | Reached XP level 1. HP: 23/23 MP: 1/1
   100 | D:1      | Found a faded altar of an unknown god.
   100 | D:1      | XOM: smoke on damage
   109 | D:1      | Reached XP level 2. HP: 24/29 MP: 2/2
   470 | D:1      | XOM: silly message
   625 | D:2      | Reached XP level 3. HP: 33/35 MP: 3/3
   630 | D:2      | Reached skill level 1 in Invocations
   805 | D:2      | HP: 1/35 [jackal (2)]
   808 | D:2      | Reached skill level 1 in Short Blades
   808 | D:2      | Reached skill level 1 in Axes
   808 | D:2      | Reached skill level 1 in Maces & Flails
   808 | D:2      | Reached skill level 1 in Polearms
   808 | D:2      | Reached skill level 1 in Staves
   808 | D:2      | Reached skill level 1 in Ranged Weapons
   808 | D:2      | Reached skill level 1 in Throwing
   808 | D:2      | Reached skill level 1 in Stealth
   808 | D:2      | Reached skill level 1 in Shields
   808 | D:2      | Reached skill level 1 in Unarmed Combat
   808 | D:2      | Reached skill level 1 in Spellcasting
   808 | D:2      | Reached skill level 1 in Evocations
   819 | D:2      | Reached skill level 1 in Shapeshifting
   819 | D:2      | Reached XP level 4. HP: 20/41 MP: 5/5
   836 | D:2      | You fall into a shaft and drop 1 floor!
   902 | D:3      | XOM: give mutations
   902 | D:3      | Gained mutation: You have sharp toenails. [Xom's grace]
   902 | D:3      | Gained mutation: You are agile. (Dex +4, Str/Int -1) [Xom's
                  | grace]
   902 | D:3      | Gained mutation: You are robust. (+10% HP) [Xom's grace]
  1008 | D:3      | Found a sparkling altar of Nemelex Xobeh.
  1175 | D:3      | Reached skill level 1 in Conjurations
  1175 | D:3      | Reached skill level 1 in Hexes
  1175 | D:3      | Reached skill level 1 in Summonings
  1175 | D:3      | Reached skill level 1 in Necromancy
  1175 | D:3      | Reached skill level 1 in Translocations
  1175 | D:3      | Reached skill level 1 in Fire Magic
  1175 | D:3      | Reached skill level 1 in Ice Magic
  1175 | D:3      | Reached skill level 1 in Air Magic
  1175 | D:3      | Reached skill level 1 in Earth Magic
  1175 | D:3      | Reached skill level 1 in Alchemy
  1245 | D:2      | Reached XP level 5. HP: 51/51 MP: 5/7
  1290 | D:2      | XOM: summons 3 hostile demons
  1552 | D:2      | XOM: silly message
  2063 | D:3      | XOM: stat loss: -1 Dex (15/16)
  2175 | D:3      | XOM: noise
  2447 | D:4      | Reached XP level 6. HP: 57/58 MP: 8/8
  2450 | D:4      | Reached skill level 5 in Armour
  2663 | D:4      | Found a staircase to the Ecumenical Temple.
  3319 | D:4      | Found a runed translucent door.
  3320 | D:4      | Noticed Crazy Yiuf
  3375 | D:4      | Killed Crazy Yiuf
  3452 | D:4      | XOM: summons 4 hostile demons
  3453 | D:4      | Noticed a neqoxec
  3560 | D:5      | Entered Level 5 of the Dungeon
  3577 | D:5      | Reached XP level 7. HP: 24/66 MP: 10/10
  3901 | D:5      | Found a basalt altar of Yredelemnul.
  3940 | D:5      | Found a burning altar of Makhleb.
  3940 | D:5      | Noticed a cacodemon
  4052 | D:5      | XOM: polymorph centaur -> giant cockroach
  4072 | D:5      | XOM: give mutations
  4072 | D:5      | Gained mutation: You have a somewhat thin skeletal
                  | structure. (Dex +2, Stealth+) [Xom's grace]
  4072 | D:5      | Gained mutation: Your flesh is cold resistant. (rC+) [Xom's
                  | grace]
  4107 | D:5      | XOM: cloud trail
  4133 | D:5      | XOM: scenery: summon butterflies
  4153 | D:5      | XOM: scenery: summon butterflies
  4256 | D:5      | XOM: god gift: wand of charming (5)
  4260 | D:5      | HP: 3/66 [orc/+0 hand axe (1)]
  4288 | D:5      | XOM: 1-stop teleportation journey
  4499 | D:5      | Found a white marble altar of Elyvilon.
  4588 | D:5      | Found a stormy altar of Qazlal.
  4612 | D:5      | XOM: god gift: 9 stones
  4828 | D:5      | XOM: scenery: create altars
  4877 | D:6      | Reached XP level 8. HP: 60/73 MP: 12/12
  4931 | D:6      | XOM: 1-stop teleportation journey
  5025 | D:6      | XOM: stat loss: -1 Str (18/19)
  5217 | D:6      | XOM: 1-stop teleportation journey
  5421 | D:6      | XOM: god gift: blade talisman
  5441 | D:6      | XOM: destruction
  5450 | D:6      | XOM: summons 3 hostile demons
  5453 | D:6      | XOM: enchant monster (bad)
  5462 | D:6      | XOM: give mutations
  5462 | D:6      | Gained mutation: You are somewhat resistant to further
                  | mutation. [Xom's mischief]
  5462 | D:6      | Gained mutation: Your spells are a little easier to cast,
                  | but a little less powerful. [Xom's mischief]
  5626 | D:6      | XOM: summons 2 hostile demons
  5646 | D:6      | Found an ornate altar of the Wu Jian Council.
  5699 | D:6      | XOM: draining
  5982 | D:6      | XOM: divination: magic mapping
  6181 | D:7      | Found a runed translucent gate.
  6181 | D:7      | Found a runed translucent gate.
  6182 | D:7      | Found a runed translucent gate.
  6185 | D:7      | Found a roughly hewn altar of Beogh.
  6186 | D:7      | Noticed Nilihum's ghost (novice DEAl)
  6188 | D:7      | Identified the +2 plate armour of Grace {Harm}
  6209 | D:7      | Noticed Jeremiah
  6226 | D:7      | XOM: summons 2 friendly demons
  6297 | D:7      | XOM: 3-stop teleportation journey
  6435 | D:7      | XOM: summons 5 hostile demons
  6443 | D:7      | Lost mutation: You are agile. (Dex +4, Str/Int -1) [a
                  | neqoxec]
  6592 | D:7      | XOM: give mutations
  6592 | D:7      | Gained mutation: You sometimes lose your temper in combat.
                  | [Xom's mischief]
  6592 | D:7      | Lost mutation: You are robust. (+10% HP) [Xom's mischief]
  6755 | D:7      | Killed an unseen horror
  6800 | D:7      | Noticed Joseph
  6811 | D:7      | Killed Joseph
  6812 | D:7      | Reached skill level 5 in Dodging
  6812 | D:7      | Reached XP level 9. HP: 30/74 MP: 13/15
  6953 | D:7      | XOM: summons 5 hostile demons
  7111 | D:7      | XOM: chaos upgrade
  7215 | D:7      | XOM: cloud trail
  7424 | D:7      | HP: 5/111 [poisoned by Nilihum's ghost (toxic radiance)]
  7425 | D:7      | HP: 2/111 [poisoned by Nilihum's ghost (toxic radiance)]
  7425 | D:7      | Killed from afar by Nilihum's ghost

Illustrated notes

Levels and vault maps discovered:
D:1:      eino_arrival_tree_alley, layout_rooms,
          hellmonk_ecumenical_altar_blasted, bh_walls_and_bars
D:2:      layout_basic, hangedman_decor_lopped
D:3:      layout_loops_corners, lemuel_coloured_pillars_altar,
          minmay_goblin_outpost
D:4:      layout_layer_cave, minmay_temple_entry_arrows, grunt_ministairs_2,
          uniq_crazy_yiuf_cottage
D:5:      layout_basic, kennysheep_ying_yang, makhleb_altar_promises_db,
          nicolae_qazlal_general_emergency, kennysheep_small_spiral,
          chequers_serial_rivers_marsh, serial_bayou_pond_e
D:6:      layout_basic, pdpol_wu_jian_five_deadly_venoms,
          minmay_increasing_density
D:7:      layout_basic, biasface_ghost_orc_armoury, minmay_splitting_lines,
          roderic_batcave, uniq_joseph, uniq_jeremiah

Skill      XL: |  1  2  3  4  5  6  7  8 |
---------------+-------------------------+-----
Invocations    | 1 2 3 4 |  4.6
Short Blades   | 1 2 3 4 |  4.2
Axes           | 1 2 3 4 |  4.2
Maces & Flails | 1 2 3 4 |  4.2
Polearms       | 1 2 3 4 |  4.2
Staves         | 1 2 3 4 |  4.2
Ranged Weapons | 1 2 3 4 |  4.2
Throwing       | 1 2 3 4 |  4.2
Stealth        | 1 2 3 4 |  4.2
Shields        | 1 2 3 4 |  4.2
Unarmed Combat | 1 2 3 4 |  4.2
Spellcasting   | 1 2 3 4 |  4.2
Evocations     | 1 2 3 4 |  4.2
Shapeshifting  | 1 2 3 |  3.8
Conjurations   | 1 2 3 |  3.4
Hexes          | 1 2 3 |  3.4
Summonings     | 1 2 3 |  3.4
Necromancy     | 1 2 3 |  3.4
Translocations | 1 2 3 |  3.4
Fire Magic     | 1 2 3 |  3.4
Ice Magic      | 1 2 3 |  3.4
Air Magic      | 1 2 3 |  3.4
Earth Magic    | 1 2 3 |  3.4
Alchemy        | 1 2 3 |  3.4
Dodging        | 3 4 5 |  5.0
Armour         | 5 6 |  6.3
Fighting       | 7 |  7.9
Long Blades    | 7 |  7.9

Action                     |  1- 3 |  4- 6 |  7- 9 || total
---------------------------+-------+-------+-------++-------
  Melee: Falchion          |    96 |   145 |       ||   241
         Bite              |    10 |    13 |    37 ||    60
         Kick              |       |    55 |    73 ||   128
         Quarterstaff      |       |    24 |   256 ||   280
    Use: Potion            |     3 |       |     4 ||     7
         Scroll            |     2 |     6 |    10 ||    18
   Stab: Paralysed         |     1 |       |       ||     1
         Invisible         |     1 |       |       ||     1
         Sleeping          |       |     5 |     4 ||     9
         Confused          |       |     1 |       ||     1
 Armour: Leather armour    |    43 |   114 |   258 ||   415
  Dodge: Dodged            |    78 |   113 |   241 ||   432

Table legend: (Time is in decaauts)
 A = Elapsed time spent in this place.
 B = Non-inter-level travel time spent in this place.
 C = Inter-level travel time spent in this place.
 D = Time resting spent in this place.
 E = Time spent auto-exploring this place.
 F = Levels seen in this place.
 G = Mean time per level.
                   A        B        C        D        E       F      G
               +--------+--------+--------+--------+--------+-----+--------+
         Total |   7423 |   7217 |    206 |   1711 |   4220 |   7 | 1060.4 |
       Dungeon |   7423 |   7217 |    206 |   1711 |   4220 |   7 | 1060.4 |
               +--------+--------+--------+--------+--------+-----+--------+

Top non-repeatable levels by time:
     D:5: 1300 daAuts
     D:6: 1298 daAuts
     D:7: 1292 daAuts
     D:4: 1172 daAuts
     D:3: 1085 daAuts
     D:2: 721 daAuts
     D:1: 552 daAuts
